[Event "Cellavision Cup 2018"]
[Site "Lund"]
[Date "2018.08.03"]
[Round "3"]
[White "Vernersson, Per"]
[Black "Urkedal, Frode Olav Olsen"]
[Result "0-1"]
[ECO "A40"]
[WhiteElo "2290"]
[BlackElo "2537"]
[Annotator "ChessBase"]
[PlyCount "120"]
[EventDate "2018.08.03"]
[EventType "swiss"]
[EventCountry "SWE"]
[SourceTitle "playchess.com"]
[Source "ChessBase"]
[SourceQuality "1"]
[TimeControl "900+5"]

1. d4 Nf6 2. c4 e6 3. g3 c5 4. Nf3 cxd4 5. Nxd4 d5 6. Bg2 e5 7. Nf3 d4 8. O-O Nc6 9. e3 Be7 10. exd4 exd4 11. Bg5 O-O 12. Nbd2 h6 13. Bxf6 Bxf6 14. Ne4 Bf5 15. Re1 Re8 16. Nxf6+ Qxf6 17. Qd2 Bg4 18. Qd3 Bf5 19. Qd2 d3 20. Nh4 Bh7 21. Rxe8+ Rxe8 22. Re1 Rxe1+ 23. Qxe1 Qe5 24. Kf1 Qb8 25. Bd5 Qd8 26. Nf3 Bf5 27. Nd2 Qd7 28. Qe3 Nb4 29. Bf3 Nc2 30. Qe5 b6 31. a3 Bh3+ 32. Bg2 g6 33. Ne4 Bxg2+ 34. Kxg2 Qd4 35. Qxd4 Nxd4 36. f4 f5 37. Nf2 d2 38. Nd1 g5 39. Kf2 g4 40. Ke3 Nf3 41. h3 Kf7 42. hxg4 fxg4 43. Ke4 Ke6 44. b4 h5 45. c5 bxc5 46. bxc5 h4 47. gxh4 Nxh4 48. Ke3 g3 49. Nc3 g2 50. Kf2 Nf5 51. Nd1 Nh4 52. Nc3 a6 53. c6 Ke7 54. f5 Nxf5 55. Kxg2 Ne3+ 56. Kf3 d1=Q+ 57. Nxd1 Nxd1 58. Ke2 Nc3+ 59. Kd3 Nb5 60. a4 Nc7 0-1

[Event "Cellavision Cup 2018"]
[Site "Lund"]
[Date "2018.08.03"]
[Round "3"]
[White "Krantz, Christopher"]
[Black "Maiorov, Nikita"]
[Result "0-1"]
[ECO "A46"]
[WhiteElo "2240"]
[BlackElo "2504"]
[Annotator "ChessBase"]
[PlyCount "62"]
[EventDate "2018.08.03"]
[EventType "swiss"]
[EventCountry "SWE"]
[SourceTitle "playchess.com"]
[Source "ChessBase"]
[SourceQuality "1"]
[TimeControl "900+5"]

1. d4 Nf6 2. Nf3 e6 3. c3 c5 4. Bg5 h6 5. Bxf6 Qxf6 6. e4 cxd4 7. cxd4 Qd8 8. Nc3 Be7 9. Bd3 d6 10. O-O Nd7 11. Qe2 a6 12. e5 dxe5 13. dxe5 Nc5 14. Bc2 O-O 15. b4 Nd7 16. Rfd1 Qb6 17. Rab1 Rd8 18. Ne4 Nf8 19. Rxd8 Qxd8 20. a4 Bd7 21. h3 Bc6 22. b5 axb5 23. axb5 Bd5 24. Nc3 Bxf3 25. Qxf3 Ra3 26. Rb3 Ra1+ 27. Rb1 Qa5 28. Rxa1 Qxa1+ 29. Nb1 Qxe5 30. b6 Qe1+ 31. Kh2 Bc5 0-1

[Event "Cellavision Cup 2018"]
[Site "Lund"]
[Date "2018.08.03"]
[Round "4"]
[White "Seo, Jung Min"]
[Black "Kiese, Matthias"]
[Result "1/2-1/2"]
[ECO "B52"]
[WhiteElo "2356"]
[BlackElo "2194"]
[Annotator "ChessBase"]
[PlyCount "132"]
[EventDate "2018.08.03"]
[EventType "swiss"]
[EventCountry "SWE"]
[SourceTitle "playchess.com"]
[Source "ChessBase"]
[SourceQuality "1"]
[TimeControl "900+5"]

1. e4 c5 2. Nf3 d6 3. Bb5+ Bd7 4. Bxd7+ Qxd7 5. O-O Nf6 6. Re1 Nc6 7. c4 g6 8. d4 cxd4 9. Nxd4 Bg7 10. Nc3 O-O 11. f3 Rfc8 12. Nde2 a6 13. Be3 Na5 14. b3 b5 15. cxb5 axb5 16. Qd3 Rab8 17. Rac1 Nc6 18. Nd4 Nxd4 19. Bxd4 Qb7 20. g3 b4 21. Na4 Nd7 22. Kg2 Ne5 23. Bxe5 Bxe5 24. Qd2 Qb5 25. Rc2 h5 26. Rec1 Rxc2 27. Qxc2 Bf6 28. Qc4 Qg5 29. f4 Qg4 30. h3 Qd7 31. Qc6 Qxc6 32. Rxc6 Kf8 33. Kf3 Ke8 34. Ke2 Kd7 35. Rc4 e6 36. Kd3 d5 37. Rc2 dxe4+ 38. Kxe4 Rb5 39. Rc5 Rb8 40. Rc4 Be7 41. Nc5+ Bxc5 42. Rxc5 Ra8 43. Rb5 Rxa2 44. Rb7+ Kd6 45. Rxb4 Re2+ 46. Kf3 Rb2 47. Rb7 f5 48. h4 Kc6 49. Rb8 Kc5 50. Ke3 Rb1 51. b4+ Kd5 52. Rb5+ Kd6 53. Rb8 Kd5 54. Rd8+ Kc6 55. Rg8 Rxb4 56. Rxg6 Rb3+ 57. Kf2 Kd5 58. Rh6 Ra3 59. Kg2 Ra2+ 60. Kh3 Ra1 61. Rxh5 Ke4 62. Kg2 Ra2+ 63. Kh3 Kf3 64. Rg5 Ra1 65. Kh2 Ra2+ 66. Kh3 Ra1 1/2-1/2

[Event "Cellavision Cup 2018"]
[Site "Lund"]
[Date "2018.08.03"]
[Round "4"]
[White "Ornstein, Axel"]
[Black "Friberg, Hans"]
[Result "1-0"]
[ECO "B04"]
[WhiteElo "2309"]
[BlackElo "2126"]
[Annotator "NA"]
[PlyCount "105"]
[EventDate "2018.08.03"]
[EventType "swiss"]
[EventCountry "SWE"]
[SourceTitle "playchess.com"]
[Source "ChessBase"]
[SourceQuality "1"]
[TimeControl "900+5"]

1. e4 Nf6 2. e5 Nd5 3. d4 d6 4. Nf3 g6 5. Bc4 dxe5 6. Nxe5 c6 7. O-O Bg7 8. Nc3 O-O 9. Ne4 Nd7 10. Nxd7 Bxd7 11. Re1 Bf5 12. c3 Re8 13. Bg5 Bxe4 14. Rxe4 Qd7 15. Qd2 e6 16. Rae1 Rac8 17. Bh6 Bh8 18. h4 Nf6 19. R4e2 c5 20. dxc5 Qxd2 21. Rxd2 Rxc5 22. Bb3 b6 23. g3 Bg7 24. Be3 Rcc8 25. Red1 Ng4 26. Rd7 Nxe3 27. fxe3 Be5 28. Kg2 Rc7 29. Rxc7 Bxc7 30. Rd7 Bb8 31. g4 h6 32. Bc4 Kf8 33. Bb5 Rc8 34. c4 Kg7 35. Kf3 Be5 36. Rxa7 Bxb2 37. Bd7 Rxc4 38. Bxe6 Rc3 39. Rxf7+ Kh8 40. Bb3 Rc6 41. g5 hxg5 42. hxg5 Ba3 43. e4 Bd6 44. Rf6 Kg7 45. e5 Rc3+ 46. Ke4 Bc5 47. Rf7+ Kh8 48. e6 Re3+ 49. Kd5 Re2 50. Kc6 Re3 51. Bd5 Re5 52. a4 Re1 53. a5 1-0

[Event "Cellavision Cup 2018"]
[Site "Lund"]
[Date "2018.08.03"]
[Round "4"]
[White "Pantzar, Milton"]
[Black "Petersson, Kjell"]
[Result "0-1"]
[ECO "A80"]
[WhiteElo "2306"]
[BlackElo "1999"]
[Annotator "NA"]
[PlyCount "90"]
[EventDate "2018.08.03"]
[EventType "swiss"]
[EventCountry "SWE"]
[SourceTitle "playchess.com"]
[Source "ChessBase"]
[SourceQuality "1"]
[TimeControl "900+5"]

1. d4 f5 2. b3 Nf6 3. Bb2 e6 4. e3 b6 5. Nc3 Bb7 6. f3 Be7 7. Qd2 a5 8. a3 d6 9. O-O-O O-O 10. Kb1 Nbd7 11. Nh3 Re8 12. Bb5 c6 13. Bd3 b5 14. Ne2 Qb6 15. Nef4 Nf8 16. e4 fxe4 17. fxe4 e5 18. Ne2 Ng6 19. Ng5 c5 20. dxc5 dxc5 21. Ng3 Ba6 22. Be2 c4 23. Nf5 Bf8 24. Ne3 Rac8 25. Nd5 Qc6 26. Qxa5 cxb3 27. cxb3 Qc2+ 28. Ka1 Qxe2 29. Qxa6 Nxd5 30. Rxd5 Qxg2 31. Rdd1 Qxg5 32. Qxb5 Qe3 33. Rhe1 Qc5 34. Qd7 Re7 35. Qd3 Nf4 36. Qf3 Ra8 37. Kb1 Rf7 38. Rc1 Qb5 39. Qc3 Qd3+ 40. Ka2 Qxc3 41. Rxc3 Rfa7 42. a4 Bb4 43. Rec1 Bxc3 44. Rxc3 Rb8 45. Rc5 Nd3 0-1

[Event "Cellavision Cup 2018"]
[Site "Lund"]
[Date "2018.08.03"]
[Round "4"]
[White "Malm Lindberg, Henrik"]
[Black "Ernst, Thomas"]
[Result "0-1"]
[ECO "B84"]
[WhiteElo "2193"]
[BlackElo "2346"]
[Annotator "NA"]
[PlyCount "85"]
[EventDate "2018.08.03"]
[EventType "swiss"]
[EventCountry "SWE"]
[SourceTitle "playchess.com"]
[Source "ChessBase"]
[SourceQuality "1"]
[TimeControl "900+5"]

1. e4 c5 2. Nf3 d6 3. d4 cxd4 4. Nxd4 Nf6 5. Nc3 a6 6. Be2 e6 7. O-O Be7 8. f4 Nbd7 9. g4 Nc5 10. Bf3 d5 11. exd5 exd5 12. Re1 O-O 13. g5 Nfe4 14. Nxe4 dxe4 15. Bxe4 f6 16. g6 Nxe4 17. gxh7+ Kh8 18. Rxe4 f5 19. Re1 Rf6 20. Be3 Rg6+ 21. Kh1 b5 22. Qf3 Rb8 23. Rg1 Bb7 24. Rxg6 Bxf3+ 25. Nxf3 Qd5 26. Rf1 Bc5 27. Bxc5 Qxc5 28. Rg2 Kxh7 29. Ng5+ Kh8 30. Re1 Qc6 31. Re6 Qd5 32. Rd6 Qxa2 33. Rgd2 g6 34. Rxg6 Qxb2 35. Rh6+ Kg7 36. Rh7+ Kg8 37. Rdd7 Qc1+ 38. Kg2 Qxc2+ 39. Kg1 Qb1+ 40. Kg2 Qb2+ 41. Kg3 Rc8 42. Nf3 a5 43. Rhe7 0-1

[Event "Cellavision Cup 2018"]
[Site "Lund"]
[Date "2018.08.04"]
[Round "5"]
[White "Ahlander, Bjorn"]
[Black "Ivarsson, Torbjorn"]
[Result "1/2-1/2"]
[ECO "A40"]
[WhiteElo "2433"]
[BlackElo "2156"]
[Annotator "NA"]
[PlyCount "136"]
[EventDate "2018.08.03"]
[EventType "swiss"]
[EventCountry "SWE"]
[SourceTitle "playchess.com"]
[Source "ChessBase"]
[SourceQuality "1"]
[TimeControl "900+5"]

1. d4 e6 2. Nf3 f5 3. g3 Nf6 4. Bg2 Be7 5. b3 {[%emt 0:00:00] A81: Dutch Defence: 2 g3} (5. O-O d5 6. c4 Ne4 7. Nbd2 Nc6 8. e3 h5 9. Ne5 Nxe5 10. dxe5 h4 11. Nxe4 dxe4 12. Qxd8+ Kxd8 13. f3 exf3 14. Bxf3 {0-1 (22) Stella,A (2511)-Rapport,R (2700) Villorba 2018}) 5... O-O 6. Bb2 d6 7. Nbd2 Qe8 8. e3 a5 $146 ({Predecessor:} 8... Bd7 9. Ng5 Nc6 10. O-O Qg6 11. Ngf3 Rae8 12. c4 Bd8 {1-0 (41) Bilek,I-Farago,I Budapest 1968}) 9. a3 Qh5 10. Qe2 Ne4 11. h3 Nxd2 12. Nxd2 Qxe2+ 13. Kxe2 Nd7 14. g4 f4 15. exf4 Rxf4 16. Rae1 Nb6 17. Ne4 a4 18. Bc1 Rf7 19. b4 $1 Bd7 20. Nc3 (20. h4 $15) 20... d5 21. Rhf1 Raf8 22. Rd1 Bd6 23. Rd3 c6 24. Rf3 Rxf3 25. Bxf3 Be8 26. Bg2 Bg6 27. Kd1 e5 28. dxe5 Bxe5 29. Ne2 h6 30. f4 Bf6 31. f5 Bf7 32. Nf4 Re8 33. Rf3 Nc4 34. Bf1 Ne5 35. Re3 Bg5 36. Re1 Kf8 37. Be3 d4 38. Bc1 Nc4 39. Ng6+ Bxg6 40. Rxe8+ Bxe8 41. Bxc4 Bxc1 42. Kxc1 Ke7 43. Kd2 Kd6 44. Be6 b6 45. h4 c5 46. c3 Ke5 47. bxc5 bxc5 48. cxd4+ cxd4 49. g5 $2 (49. Bc8 $11) 49... hxg5 $1 50. hxg5 g6 51. Bc4 gxf5 $2 (51... Kxf5 52. Kd3 Kxg5 53. Kxd4 Kf4) 52. Kd3 f4 53. Ke2 {[%emt 0:00:15] [#]} Bh5+ (53... Kf5 $1 $19 54. Kd3 Bd7 55. Kxd4 Kxg5) 54. Kd2 {[%emt 0:00:00] [#]} (54. Ke1 $1 $15) 54... Be8 $2 (54... f3 $1 $19 55. Ke1 Ke4) 55. Ke2 {[%emt 0:00:00] [#]} Bg6 $2 56. Kd2 f3 57. Bb5 Kf4 58. Bxa4 d3 59. Bc6 f2 $19 (59... Kg3 $142 60. Bb5 f2 61. Bxd3 Bxd3 62. Kxd3 f1=Q+ 63. Kc3 Qc1+ 64. Kd4 Qxg5 65. Kc4 Qc1+ 66. Kb4 Qb2+ 67. Kc4 Qxa3 68. Kd4 Qb4+ 69. Kd5 Kf4 70. Ke6 Qd2 71. Kf7 Qd7+ 72. Kf6 Qe8 73. Kg7 Kf5 74. Kh7 Kf6 75. Kh6 Qh8#) 60. Bg2 Kxg5 61. Ke3 Kf6 62. Kxf2 Ke5 63. Ke3 Kd6 64. Bf1 Kc5 65. Bxd3 Bxd3 66. Kxd3 Kb5 67. Kc3 Ka4 68. Kc4 Kxa3 1/2-1/2

[Event "Cellavision Cup 2018"]
[Site "Lund"]
[Date "2018.08.04"]
[Round "5"]
[White "Ernst, Thomas"]
[Black "Golubka, Petro"]
[Result "1-0"]
[ECO "C18"]
[WhiteElo "2346"]
[BlackElo "2478"]
[Annotator "ChessBase"]
[PlyCount "151"]
[EventDate "2018.08.03"]
[EventType "swiss"]
[EventCountry "SWE"]
[SourceTitle "playchess.com"]
[Source "ChessBase"]
[SourceQuality "1"]
[TimeControl "900+5"]

1. e4 e6 2. d4 d5 3. Nc3 Bb4 4. e5 c5 5. a3 Bxc3+ 6. bxc3 b6 7. Qg4 Kf8 8. a4 Ne7 9. Ba3 Qc7 10. Nf3 Ba6 11. Bb5 Bxb5 12. axb5 Nd7 13. O-O h6 14. c4 dxc4 15. dxc5 bxc5 16. Qxc4 g6 17. Nd4 Kg7 18. Qxe6 Nxe5 19. Rfe1 cxd4 20. Qxe7 Qxe7 21. Bxe7 Nd7 22. Red1 Rhc8 23. Rxd4 Nb6 24. Rd2 Nc4 25. Re2 Rab8 26. Rxa7 Rxb5 27. h3 Ne5 28. Bd6 Nc4 29. Bg3 Rf5 30. Ree7 Rd8 31. Rad7 Rxd7 32. Rxd7 Rb5 33. Rc7 Rb1+ 34. Kh2 Rb4 35. f3 Ra4 36. Bf2 Kf6 37. Rc6+ Ke7 38. c3 Kd7 39. Rf6 Ke7 40. Rf4 Nb2 41. Rxa4 Nxa4 42. Bd4 Nb2 43. Kg3 Ke6 44. Kf4 h5 45. g4 hxg4 46. fxg4 f6 47. h4 Nc4 48. Ke4 Nd6+ 49. Kd3 Nf7 50. c4 Nh6 51. Bxf6 Nxg4 52. Bg5 Ne5+ 53. Kd4 Nc6+ 54. Kc5 Ne5 55. Kb5 Kd7 56. Bf4 Nc6 57. Kc5 Ne7 58. Bg5 Nc6 59. Kd5 Na5 60. c5 Nc6 61. Be3 Ne7+ 62. Ke5 Kc6 63. Bf2 Nd5 64. Bg1 Ne7 65. Kf6 Kd7 66. Bf2 Ke8 67. Ke6 Nf5 68. Kf6 Ne7 69. Kg7 Kd8 70. Kf8 Nc6 71. Kf7 Ne5+ 72. Ke6 Nc6 73. Be3 Ke8 74. Bg5 Nd4+ 75. Kf6 Nb3 76. Be3 1-0

[Event "Cellavision Cup 2018"]
[Site "Lund"]
[Date "2018.08.04"]
[Round "5"]
[White "Olofsson-Dolk, Mattis"]
[Black "Hansen, Torbjorn Ringdal"]
[Result "1/2-1/2"]
[ECO "E71"]
[WhiteElo "2189"]
[BlackElo "2422"]
[Annotator "NA RC"]
[PlyCount "89"]
[EventDate "2018.08.03"]
[EventType "swiss"]
[EventCountry "SWE"]
[SourceTitle "playchess.com"]
[Source "ChessBase"]
[SourceQuality "1"]
[TimeControl "900+5"]

1. d4 Nf6 2. c4 g6 3. Nc3 Bg7 4. e4 d6 5. h3 O-O 6. Be3 {[%emt 0:00:00] LiveBook: 734 Games} Na6 7. Nf3 e5 8. d5 Nh5 9. Nd2 Qe8 10. Be2 {[%emt 0:00:00] E90: King's Indian: Classical: Early deviations and 6 h3} (10. a3 f5 11. Nb3 b6 12. Qc2 Qe7 13. O-O-O Nc5 14. Be2 Nxb3+ 15. Qxb3 Nf6 16. Qc2 f4 17. Bd2 Bd7 {1-0 (47) Bachmann,A (2577)-Istratescu,A (2671) Graz 2014}) 10... Nf4 11. O-O Nxe2+ 12. Qxe2 f5 13. exf5 gxf5 14. f4 Bd7 $146 ({Predecessor:} 14... e4 15. Nb3 b6 16. Bd4 Qg6 17. a3 Bd7 {1-0 (34) Josse,M (2174)-Meek,S Daventry 2014}) 15. Rae1 Qg6 16. Nf3 Rae8 ({Better is} 16... e4 $15 17. Nd4 Nb4) 17. Qd2 ({Much weaker is} 17. Bxa7 b6 $17) 17... Kh8 18. a3 ({Much weaker is} 18. Bxa7 b6 $17) 18... e4 19. Nd4 $1 Nc5 20. Nce2 (20. Ncb5 $11) 20... Rg8 21. b4 (21. Nc1 $15) 21... Nd3 22. Rb1 Bf6 23. Nc1 Qg7 24. Ndb3 Qh6 $2 ({Much less strong is} 24... Bc3 {[#]} 25. Qxc3 $1 Qxc3 26. Bd4+ Qxd4+ 27. Nxd4 $15) (24... Nb2 $19 25. Rxb2 Bxb2) 25. Nxd3 exd3 26. Rf3 $1 Rg6 (26... Qg7 $11 {keeps the balance.} 27. g3 h5) 27. Bd4 ({Better is} 27. Kh2 $16) 27... Bxd4+ 28. Nxd4 Reg8 29. Rb2 c5 30. dxc6 bxc6 31. Qxd3 Qg7 32. Rff2 Rg3 33. Nf3 Rxh3 34. Rbe2 Qa1+ 35. Rf1 Rh1+ 36. Kxh1 Qxf1+ 37. Ng1 Qxf4 38. Qc3+ Rg7 39. Qf6 Qg5 40. Qf8+ Rg8 41. Qxd6 Qh4+ 42. Nh3 Qxc4 43. Qxd7 Qxe2 44. Qd4+ Rg7 45. Qd8+ 1/2-1/2

[Event "Cellavision Cup 2018"]
[Site "Lund"]
[Date "2018.08.04"]
[Round "6"]
[White "Sumets, Andrey"]
[Black "Lindberg, Bengt"]
[Result "1-0"]
[ECO "D38"]
[WhiteElo "2575"]
[BlackElo "2416"]
[Annotator "ChessBase"]
[PlyCount "81"]
[EventDate "2018.08.03"]
[EventType "swiss"]
[EventCountry "SWE"]
[SourceTitle "playchess.com"]
[Source "ChessBase"]
[SourceQuality "1"]
[TimeControl "5400+30"]

1. d4 Nf6 2. c4 e6 3. Nf3 d5 4. Nc3 Bb4 5. Qa4+ Nc6 6. e3 O-O 7. Bd2 Re8 8. Qc2 e5 9. dxe5 Nxe5 10. cxd5 Bg4 11. Nxe5 Rxe5 12. Bc4 Qe7 13. h3 Bf5 14. Qb3 c6 15. dxc6 bxc6 16. O-O Rb8 17. Qd1 Bxh3 18. gxh3 Rg5+ 19. Kh2 Rd8 20. Qe2 Ng4+ 21. hxg4 Rxd2 22. Qf3 Rd6 23. Ne4 Rh6+ 24. Kg2 Rxg4+ 25. Qxg4 Rg6 26. Qxg6 hxg6 27. Ng3 Bd6 28. b3 g5 29. Rad1 g6 30. Rd4 Be5 31. Rd3 Kg7 32. Rfd1 Bxg3 33. fxg3 Qe4+ 34. Kh2 Qf3 35. R1d2 f5 36. a4 Qh5+ 37. Kg2 g4 38. Kg1 Qh3 39. e4 fxe4 40. Rh2 exd3 41. Rxh3 1-0

[Event "Cellavision Cup 2018"]
[Site "Lund"]
[Date "2018.08.04"]
[Round "6"]
[White "Urkedal, Frode Olav Olsen"]
[Black "Kristiansen, Jens"]
[Result "1-0"]
[ECO "E32"]
[WhiteElo "2537"]
[BlackElo "2366"]
[Annotator "ChessBase"]
[PlyCount "85"]
[EventDate "2018.08.03"]
[EventType "swiss"]
[EventCountry "SWE"]
[SourceTitle "playchess.com"]
[Source "ChessBase"]
[SourceQuality "1"]
[TimeControl "5400+30"]

1. d4 Nf6 2. c4 e6 3. Nc3 Bb4 4. Qc2 O-O 5. Nf3 c5 6. dxc5 Na6 7. g3 Nxc5 8. Bg2 b6 9. O-O Bb7 10. Nb5 Nce4 11. Ng5 d5 12. Nxe4 Nxe4 13. cxd5 exd5 14. Be3 Qd7 15. Nd4 Rac8 16. Qd3 Bc5 17. Nb5 Bc6 18. Nd4 Bb7 19. Rfd1 Rfe8 20. a3 a5 21. Rac1 h5 22. Rc2 h4 23. Rdc1 hxg3 24. hxg3 a4 25. Rd1 Qe7 26. Bxe4 dxe4 27. Qb5 Ra8 28. Nf5 Qf6 29. Bxc5 Qxf5 30. Qd7 Qh5 31. Qxb7 bxc5 32. Qd5 Qg4 33. Kg2 Rac8 34. Qc4 Re6 35. Qxa4 Qf5 36. Qd7 Rce8 37. Rd5 Qg6 38. Rdxc5 e3 39. f3 Qf6 40. Rc8 Rxc8 41. Rxc8+ Kh7 42. Qd3+ g6 43. Qc3 1-0

[Event "Cellavision Cup 2018"]
[Site "Lund"]
[Date "2018.08.04"]
[Round "6"]
[White "Johansson, Linus"]
[Black "Kristensen, Kaare Hove"]
[Result "1/2-1/2"]
[ECO "A16"]
[WhiteElo "2457"]
[BlackElo "2342"]
[Annotator "ChessBase"]
[PlyCount "82"]
[EventDate "2018.08.03"]
[EventType "swiss"]
[EventCountry "SWE"]
[SourceTitle "playchess.com"]
[Source "ChessBase"]
[SourceQuality "1"]
[TimeControl "5400+30"]

1. c4 Nf6 2. Nc3 c5 3. Nf3 e6 4. e4 Nc6 5. Be2 d5 6. cxd5 exd5 7. e5 Ne4 8. O-O Be7 9. d4 cxd4 10. Nb5 O-O 11. Nbxd4 Bc5 12. Be3 Qb6 13. Nxc6 bxc6 14. Bxc5 Qxc5 15. Rc1 Qb6 16. Rc2 Rd8 17. Bd3 Ba6 18. Bxa6 Qxa6 19. b4 d4 20. Qc1 d3 21. Rxc6 Qxa2 22. e6 d2 23. exf7+ Kxf7 24. Qd1 Kg8 25. h4 Rac8 26. Rxc8 Rxc8 27. Qe2 Rc1 28. Qxe4 Rxf1+ 29. Kh2 Kh8 30. Nxd2 Rxf2 31. Nc4 h6 32. Qe8+ Kh7 33. Qe4+ Kh8 34. Qe8+ Kh7 35. Qe4+ Kg8 36. Qe6+ Rf7 37. h5 Qb3 38. Qe8+ Rf8 39. Qe6+ Rf7 40. Qe8+ Rf8 41. Qe6+ Rf7 1/2-1/2

[Event "Cellavision Cup 2018"]
[Site "Lund"]
[Date "2018.08.04"]
[Round "6"]
[White "Himanshu, Sharma"]
[Black "Jogstad, Martin"]
[Result "1/2-1/2"]
[ECO "B48"]
[WhiteElo "2436"]
[BlackElo "2312"]
[Annotator "NA"]
[PlyCount "134"]
[EventDate "2018.08.03"]
[EventType "swiss"]
[EventCountry "SWE"]
[SourceTitle "playchess.com"]
[Source "ChessBase"]
[SourceQuality "1"]
[TimeControl "5400+30"]

1. e4 c5 2. Nc3 e6 3. Nf3 Nc6 4. d4 cxd4 5. Nxd4 Qc7 6. Be3 a6 7. Qd2 Nf6 8. O-O-O Be7 9. f3 b5 10. g4 Nxd4 11. Qxd4 Bb7 12. Qb6 Qxb6 13. Bxb6 b4 14. Ne2 Rc8 15. Bg2 d5 16. e5 Nd7 17. Bd4 a5 18. f4 Ba6 19. Ng3 Bc5 20. Rhe1 O-O 21. Bf1 Bxf1 22. Nxf1 Bxd4 23. Rxd4 Nc5 24. Kb1 Rc7 25. Ng3 Rfc8 26. h4 Na4 27. Re2 Nb6 28. b3 Rc3 29. Rd3 d4 30. Red2 Rxd3 31. Rxd3 Rc3 32. Ne2 Rxd3 33. cxd3 Nd5 34. Nxd4 Nxf4 35. Kc2 Nd5 36. Nc6 h5 37. gxh5 Kh7 38. Nd8 Kh6 39. Nxf7+ Kxh5 40. Nd8 Nc7 41. Kd2 Kxh4 42. Ke3 g5 43. Kf2 Kh3 44. Kg1 g4 45. Nf7 Kg3 46. d4 Kf4 47. Kg2 Ke4 48. Nd8 Kxd4 49. Nc6+ Ke4 50. Kg3 Nd5 51. Kxg4 Nc3 52. Kg5 Nxa2 53. Kf6 Kd5 54. Nxa5 Nc3 55. Nc4 Ne4+ 56. Ke7 Nc5 57. Kf6 Nd7+ 58. Ke7 Nc5 59. Kf6 Nxb3 60. Ne3+ Kc5 61. Kxe6 Nd4+ 62. Kf6 b3 63. Nd1 Kd5 64. Ne3+ Ke4 65. Nd1 Kd5 66. Ne3+ Kc5 67. Nd1 Kd5 1/2-1/2

[Event "Cellavision Cup 2018"]
[Site "Lund"]
[Date "2018.08.04"]
[Round "6"]
[White "Strange, Mikkel"]
[Black "Hansen, Sune Berg"]
[Result "1/2-1/2"]
[ECO "B22"]
[WhiteElo "2370"]
[BlackElo "2589"]
[Annotator "ChessBase"]
[PlyCount "86"]
[EventDate "2018.08.03"]
[EventType "swiss"]
[EventCountry "SWE"]
[SourceTitle "playchess.com"]
[Source "ChessBase"]
[SourceQuality "1"]
[TimeControl "5400+30"]

1. e4 c5 2. c3 Nf6 3. e5 Nd5 4. d4 cxd4 5. cxd4 d6 6. Nf3 Nc6 7. Bc4 dxe5 8. Nxe5 e6 9. O-O Be7 10. a3 O-O 11. Nxc6 bxc6 12. Bd3 g6 13. Nd2 Nf4 14. Nf3 Nxd3 15. Qxd3 Qd5 16. Re1 f6 17. Bd2 a5 18. Rac1 Bd6 19. Qe4 Bd7 20. Bf4 Qxe4 21. Rxe4 Bxf4 22. Rxf4 Rab8 23. Rc2 Rb5 24. Rd2 g5 25. Re4 Rd8 26. h4 h6 27. hxg5 hxg5 28. Ne1 Kf7 29. f4 Bc8 30. fxg5 Rxg5 31. Nf3 Rgd5 32. Rf2 Ke7 33. Rh4 Rf8 34. Rh7+ Rf7 35. Rxf7+ Kxf7 36. Rc2 Bb7 37. Kf2 Ke7 38. Ke3 Rb5 39. Nd2 e5 40. dxe5 Rxe5+ 41. Kf2 Rf5+ 42. Nf3 Kd6 43. Ke3 c5 {[%emt 0:01:04] Ke4 Ke5+} 1/2-1/2

[Event "Cellavision Cup 2018"]
[Site "Lund"]
[Date "2018.08.04"]
[Round "6"]
[White "Seo, Jung Min"]
[Black "Hillarp Persson, Tiger"]
[Result "0-1"]
[ECO "A45"]
[WhiteElo "2356"]
[BlackElo "2542"]
[Annotator "ChessBase"]
[PlyCount "102"]
[EventDate "2018.08.03"]
[EventType "swiss"]
[EventCountry "SWE"]
[SourceTitle "playchess.com"]
[Source "ChessBase"]
[SourceQuality "1"]
[TimeControl "5400+30"]

1. d4 Nf6 2. Bg5 d5 3. Nd2 a6 4. e3 e6 5. Ngf3 h6 6. Bh4 Nbd7 7. Bd3 c5 8. c3 cxd4 9. cxd4 Bd6 10. O-O O-O 11. Rc1 b6 12. Qc2 Bb7 13. Qb1 Rc8 14. Rxc8 Qxc8 15. Rc1 Qb8 16. Bg3 Bxg3 17. hxg3 Rc8 18. Rxc8+ Qxc8 19. Qc2 Qxc2 20. Bxc2 a5 21. Bd3 Kf8 22. Kf1 Ke7 23. Ke2 Ne8 24. g4 g5 25. Ne5 Nb8 26. Nb1 f6 27. Nf3 Nd6 28. Nc3 Bc6 29. a4 Be8 30. Nb5 Nc6 31. Nxd6 Kxd6 32. Bb5 Bd7 33. b3 e5 34. Nh2 exd4 35. Bxc6 Kxc6 36. exd4 b5 37. axb5+ Kxb5 38. Kd2 Kb4 39. Kc2 Bc8 40. Kb2 Ba6 41. Kc2 Be2 42. g3 Ba6 43. Nf3 Bc8 44. Nh2 Bd7 45. Kb2 Bb5 46. Kc2 Be2 47. Kd2 Kxb3 48. Kxe2 a4 49. Nf3 a3 50. Kd3 a2 51. Nd2+ Kb4 0-1

[Event "Cellavision Cup 2018"]
[Site "Lund"]
[Date "2018.08.04"]
[Round "6"]
[White "Bellon Lopez, Juan Manuel"]
[Black "Sivuk, Vitaly"]
[Result "0-1"]
[ECO "D00"]
[WhiteElo "2342"]
[BlackElo "2535"]
[Annotator "ChessBase"]
[PlyCount "110"]
[EventDate "2018.08.03"]
[EventType "swiss"]
[EventCountry "SWE"]
[SourceTitle "playchess.com"]
[Source "ChessBase"]
[SourceQuality "1"]
[TimeControl "5400+30"]

1. d4 d5 2. Bf4 c5 3. e3 cxd4 4. exd4 Nc6 5. c3 Bf5 6. Nf3 e6 7. Ne5 Bd6 8. Nxc6 bxc6 9. Bxd6 Qxd6 10. Bd3 Ne7 11. Bxf5 Nxf5 12. Nd2 O-O 13. O-O c5 14. dxc5 Qxc5 15. Nb3 Qb6 16. Rb1 Rfc8 17. Qd3 Rc4 18. Nd2 Ra4 19. a3 Rc8 20. Ra1 h6 21. b3 Rg4 22. Qh3 Rf4 23. Qd3 Nd6 24. g3 Rf5 25. Rac1 a5 26. a4 Ne4 27. Nxe4 dxe4 28. Qxe4 Qxb3 29. Rfd1 Rxc3 30. Rd8+ Kh7 31. Rxc3 Qxc3 32. Kg2 Qb2 33. Qd4 Qxd4 34. Rxd4 g5 35. Rd7 Kg6 36. Ra7 g4 37. h3 h5 38. hxg4 hxg4 39. Ra8 Rc5 40. Ra7 f6 41. Ra6 Kf5 42. Kf1 Re5 43. Rc6 Kg5 44. Rb6 f5 45. Ra6 Kf6 46. Kg2 Rc5 47. f4 gxf3+ 48. Kxf3 Ke5 49. Ke3 Kd5 50. Kd3 e5 51. Rb6 e4+ 52. Kd2 Kd4 53. Ra6 e3+ 54. Ke2 Rc2+ 55. Kf1 Ke5 0-1

[Event "Cellavision Cup 2018"]
[Site "Lund"]
[Date "2018.08.04"]
[Round "6"]
[White "Dragicevic, Drazen"]
[Black "Gritsak, Orest"]
[Result "1/2-1/2"]
[ECO "A04"]
[WhiteElo "2339"]
[BlackElo "2464"]
[Annotator "ChessBase"]
[PlyCount "56"]
[EventDate "2018.08.03"]
[EventType "swiss"]
[EventCountry "SWE"]
[SourceTitle "playchess.com"]
[Source "ChessBase"]
[SourceQuality "1"]
[TimeControl "5400+30"]

1. Nf3 e6 2. g3 b5 3. Bg2 Bb7 4. O-O c5 5. a4 b4 6. a5 Na6 7. c3 Nf6 8. d4 h6 9. Re1 cxd4 10. cxd4 Be7 11. Qd3 O-O 12. Nbd2 Nc7 13. Nb3 Be4 14. Qd1 Rc8 15. Ne5 Bxg2 16. Kxg2 Qe8 17. Nd3 Na6 18. Bd2 d5 19. Qb1 Ne4 20. f3 Nxd2 21. Nxd2 Qb5 22. Nb3 Bd6 23. Qa2 Rc2 24. Kf1 Rfc8 25. Qa4 Qxa4 26. Rxa4 f6 27. f4 g5 28. Raa1 Kf7 1/2-1/2

[Event "Cellavision Cup 2018"]
[Site "Lund"]
[Date "2018.08.04"]
[Round "6"]
[White "Ornstein, Axel"]
[Black "Cramling, Pia"]
[Result "0-1"]
[ECO "D02"]
[WhiteElo "2309"]
[BlackElo "2453"]
[Annotator "ChessBase"]
[PlyCount "88"]
[EventDate "2018.08.03"]
[EventType "swiss"]
[EventCountry "SWE"]
[SourceTitle "playchess.com"]
[Source "ChessBase"]
[SourceQuality "1"]
[TimeControl "5400+30"]

1. d4 Nf6 2. Nf3 d5 3. Bf4 c5 4. c3 Nc6 5. e3 Qb6 6. Qb3 c4 7. Qc2 Bf5 8. Qc1 e6 9. Nbd2 Be7 10. b3 Qa5 11. b4 Bxb4 12. cxb4 Nxb4 13. Be2 Nc2+ 14. Kf1 Nxa1 15. Qxa1 O-O 16. h3 Rfc8 17. g4 Bg6 18. Kg2 Rc6 19. Rc1 Rac8 20. Nb1 Ra6 21. a3 Nd7 22. Nfd2 b5 23. Qb2 Rcc6 24. f3 b4 25. axb4 Qa1 26. Qxa1 Rxa1 27. e4 Rb6 28. Rc2 Rxb4 29. Nc3 f6 30. h4 a5 31. h5 Bf7 32. Na2 Rb6 33. Bc7 Rb7 34. Bd6 a4 35. Kf2 h6 36. Nxc4 dxc4 37. Bxc4 Rb6 38. Bc5 Rbb1 39. Bd6 Rd1 40. Ke3 Re1+ 41. Be2 Reb1 42. Rc8+ Kh7 43. Bd3 Rb3 44. Nb4 e5 0-1